 Dungeon Crawl Stone Soup version 0.28.0-45-g0d030f2227 (webtiles) character file.

Game seed: 12937851160486673319

5 seaoflcl the Covered (level 1, -1/18 HPs)
             Began as a Human Fighter on Apr 10, 2022.
             Slain by a ball python (2 damage)
             ... on level 1 of the Dungeon.
             The game lasted 00:00:21 (185 turns).

seaoflcl the Covered (Human Fighter)                 Turns: 185, Time: 00:00:22

Health: -1/18      AC:  6    Str: 16    XL:     1   Next: 88%
Magic:  1/1        EV:  5    Int:  8    God:
Gold:   0          SH:  4    Dex: 12    Spells: 0/0 levels left

rFire   . . .      SeeInvis .   a - +0 long sword
rCold   . . .      Faith    .   c - +0 buckler
rNeg    . . .      Spirit   .   b - +0 scale mail
rPois   .          Reflect  .   (no helmet)
rElec   .          Harm     .   (no cloak)
rCorr   .          Rampage  .   (no gloves)
Will    .....                   (no boots)
Stlth   ..........              (no amulet)
HPRegen 0.06/turn               (no ring)
MPRegen 0.07/turn               (no ring)

@: constricted
A: no striking features
a: no special abilities


You were on level 1 of the Dungeon.
You visited 1 branch of the dungeon, and saw 1 of its levels.

Inventory:

Hand Weapons
 a - a +0 long sword (weapon)
Armour
 b - a +0 scale mail (worn)
 c - a +0 buckler (worn)
Potions
 d - a potion of might


   Skills:
 + Level 3.0 Fighting
 + Level 2.0 Long Blades
 + Level 3.2 Armour
 + Level 3.0 Shields


You couldn't memorise any spells.
You didn't know any spells.
Your spell library contained the following spells:

 Spells                   Type           Power      Damage    Failure   Level
 Gell's Gravitas          Tloc           0%         N/A       99%         3
 Lesser Beckoning         Tloc           0%         N/A       99%         3
 Teleport Other           Tloc           0%         N/A       99%         3


Dungeon Overview and Level Annotations

Branches:
Dungeon (1/15)

Altars:


Message History

You barely miss the ball python. The ball python bites you.
You block the ball python's attack. x2; The ball python grabs you.
The ball python constricts you. The ball python bites you.
You slash the ball python!
You kill the ball python!
The ball python barely misses you. x2
You barely miss the kobold. The ball python barely misses you.
You block the ball python's attack. x2; The ball python grabs you.
The ball python constricts you. The kobold hits you but does no damage.
You escape the ball python's grasp.
The kobold hits you but does no damage.
You closely miss the ball python.
The ball python bites you but does no damage.
You block the ball python's attack. The kobold hits you with a +0 dagger.
* * * LOW HITPOINT WARNING * * *
The ball python bites you but does no damage.
The ball python grabs you. The ball python constricts you.
You escape the ball python's grasp.
The kobold closely misses you.
You hit the kobold.
You kill the kobold!
You hit the ball python but do no damage.
The ball python bites you but does no damage.
The ball python grabs you. The ball python constricts you.
You block the ball python's attack. The ball python constricts you.
* * * LOW HITPOINT WARNING * * *
You closely miss the ball python. The ball python closely misses you.
The ball python constricts you.
* * * LOW HITPOINT WARNING * * *
The ball python bites you but does no damage.
The ball python constricts you.
* * * LOW HITPOINT WARNING * * *
You hit the ball python.
The ball python is moderately wounded.
The ball python bites you but does no damage.
The ball python constricts you.
You closely miss the ball python.
The ball python is moderately wounded.
You block the ball python's attack. The ball python constricts you.
The ball python bites you.
You die...

## #####'##### #####
.######...######...##
....................#
........⌠........⌠..#
....................#
.######...######...## ##
##>## ##'## .### ###
###..# ...#### ####.S@##
##....#####....###
####...#...#### .
###...### .w
########.############...
..............)........
.......†......#........
..................##..##
.###........(....##.....


You could see a ball python.

Vanquished Creatures
  2 kobolds (D:1)
  A quokka (D:1)
  A ball python (D:1)
  2 rats (D:1)
6 creatures vanquished.

Notes
Turn   | Place    | Note
-------+----------+-------------------------------------------
     0 | D:1      | seaoflcl the Human Fighter began the quest for the Orb.
     0 | D:1      | Reached XP level 1. HP: 18/18 MP: 1/1
   185 | D:1      | Slain by a ball python

Illustrated notes

Levels and vault maps discovered:
D:1:      minmay_arrival_split_and_join, layout_rooms, basic_ecumenical_altar

Action                   || total
-------------------------++-------
Melee: Long sword        ||    22
Armor: Scale mail        ||     9
Dodge: Dodged            ||    16
Block: Buckler           ||    10
